 Dungeon Crawl Stone Soup version 0.21-a0-143-g1ab7d47 (webtiles) character file.

3255 Gorglomux the Cleaver (level 10, -3/139 HPs)
             Began as a Hill Orc Wizard on July 25, 2017.
             Was a Believer of Okawaru.
             Slain by an orc wizard
             ... wielding a +0 dagger
              (7 damage)
             ... on level 8 of the Dungeon.
             The game lasted 00:23:17 (12855 turns).

Gorglomux the Cleaver (Hill Orc Wizard)            Turns: 12855, Time: 00:23:17

Health: -3/139     AC:  3    Str: 24    XL:     10   Next: 0%
Magic:  11/13      EV: 11    Int: 18    God:    Okawaru [**....]
Gold:   155        SH:  3    Dex:  9    Spells: 9/13 levels left

rFire    + . .     SeeInvis .   D - +6 mace "Arcanum" {crush, *Rage +Fly rF+ rN++}
rCold    + . .     Gourm    .   Z - +0 buckler
rNeg     + + .     Faith    .   a - +0 robe
rPois    .         Spirit   .   b - +0 hat
rElec    .         Reflect  .   (no cloak)
rCorr    .         Harm     .   (no gloves)
MR       .....     Rnd*Rage +   U - +0 pair of boots
Stlth    ..........             (no amulet)
HPRegen  0.33/turn              c - ring of protection from cold
MPRegen  0.13/turn              G - +5 ring of strength

@: berserking, drained, very quick
A: no striking features
a: Heroism, Renounce Religion, Evoke Flight


You were on level 8 of the Dungeon.
You worshipped Okawaru.
Okawaru was pleased with you.
You were not hungry.

You visited 2 branches of the dungeon, and saw 9 of its levels.

You collected 403 gold pieces.
You spent 248 gold pieces at shops.

Inventory:

Hand Weapons
 B - a +0 war axe
 D - the +6 mace "Arcanum" (weapon) {crush, *Rage +Fly rF+ rN++}
   (You bought it in a shop on level 5 of the Dungeon)

   It inflicts extra damage upon your enemies.
   It protects you from fire.
   It greatly protects you from negative energy.
   It lets you fly.
   It may make you go berserk in combat.
Armour
 a - a +0 robe (worn)
 b - a +0 hat (worn)
 U - a +0 pair of boots (worn)
 Z - a +0 buckler (worn)
Jewellery
 c - a ring of protection from cold (left hand)
 G - a +5 ring of strength (right hand)
Wands
 K - a wand of scattershot (3/9)
 S - a wand of scattershot (0/9)
Scrolls
 o - 3 scrolls of remove curse
 p - a scroll of fog
 H - a scroll of summoning {unknown}
 I - a scroll of enchant armour {unknown}
 M - a scroll of magic mapping
 N - a scroll of immolation {unknown}
 O - a scroll of recharging
 T - 2 scrolls of teleportation
 X - a scroll of fear
 Y - 2 scrolls of enchant weapon {unknown}
Potions
 h - a potion of berserk rage
 l - a potion of heal wounds
 s - a potion of brilliance
 u - a potion of agility
 L - 2 potions of might {unknown}
 Q - a potion of curing
 W - 2 potions of mutation {!q}
Books
 P - a book of Minor Magic

   Spells                             Type                      Level
   a - Magic Dart                     Conjuration                  1
   b - Blink                          Translocation                2
   c - Call Imp                       Summoning                    2
   d - Slow                           Hexes                        2
   e - Conjure Flame                  Conjuration/Fire             3
   f - Mephitic Cloud                 Conjuration/Poison/Air       3
 V - a book of Cantrips

   Spells                             Type                      Level
   a - Confusing Touch                Hexes                        1
   b - Animate Skeleton               Necromancy                   1
   c - Summon Small Mammal            Summoning                    1
   d - Apportation                    Translocation                1
Comestibles
 d - 6 bread rations
 g - a fruit
 z - 3 meat rations
 R - 3 chunks of flesh


   Skills:
 + Level 10.2(9.7) Fighting
 + Level 11.8(11.3) Axes
 + Level 4.7(4.2) Armour
 - Level 1.5(1.1) Dodging
 - Level 1.5(1.1) Stealth
 + Level 2.1(1.7) Shields
 - Level 2.4(2.0) Spellcasting
 - Level 1.0(0.6) Conjurations
 - Level 1.0(0.6) Summonings
   Level 0.7(0.3) Translocations


You had 9 spell levels left.
You knew the following spells:

 Your Spells              Type           Power        Failure   Level  Hunger
a - Magic Dart            Conj           #...         19%         1    #......
b - Call Imp              Summ           #.......     28%         2    ###....
c - Animate Skeleton      Necr           N/A          24%         1    #......


Dungeon Overview and Level Annotations

Branches:
Dungeon (8/15)             Temple (1/1) D:4            Lair (0/6) D:8

Altars:
Ashenzari
Cheibriados
Dithmenos
Elyvilon
Fedhas
Hepliaklqana
Kikubaaqudgha
Makhleb
Nemelex Xobeh
Okawaru
Ru
Sif Muna
Trog
Uskayaw
Vehumet
Xom
Yredelemnul
Zin
The Shining One

Shops:
D:5 *   D:6 *


Message History

* * * don't die
* * * The ice beast freezes you!
You resist! * * * don't die
* * * You hammer the ice beast like a gong!!!
The ice beast is severely wounded!
The ice beast barely misses you!
You flatten the ice beast like a pancake!!!
You annihilate the ice beast!!!
Okawaru roars: ANNIHILATED!
Butt's base Shields skill increases to level 2!!!
You have reached level 10!!!
You feel stronger! Something hits you but does no damage!
You crush something like a grape!
You hear some strange, mumbled words!
A magic dart appears from out of thin air!!!
The magic dart hits you!!! * * * don't die
* * * You closely miss something!
Something hits you!!! rip

#..# .. #..# ###.####..#
..........####
.............#
##..#####.#.# ...#
#.........#.#### ....
##..##....#....######
..... #..@{.#######.......
P..o.###.##....#..........
.......#.####..#.....#####
.........# ##.#........#
.>.....#######.......##.#
........).......#...###.#
....(.#########.##.####.##
..P..# ###)######...#
..|.. #...# ##.#.#.


There were no monsters in sight!

Vanquished Creatures
  3 wargs (D:8)
  2 ice beasts
  An orc warrior (D:6)
  4 sky beasts
  3 ogres
  5 centaurs
  A bullfrog (D:8)
  5 scorpions
  5 wights (D:6)
  A howler monkey (D:4)
  3 hounds
  A centaur skeleton (D:3)
  2 orc priests
  A gnoll shaman (D:7)
  A bullfrog skeleton (D:6)
  2 orc wizards
  An iguana (D:5)
  4 worker ants
  A hound zombie (D:8)
  A worker ant zombie (D:7)
  5 gnolls
  8 adders
  A shadow imp (D:6)
  2 worms
  2 dart slugs
  7 leopard geckos
  18 orcs
  6 ball pythons
  3 giant cockroaches
  20 goblins
  11 hobgoblins
  16 jackals
  3 quokkas
  11 bats
  7 frilled lizards
  A jackal skeleton (D:4)
  A kobold (D:3)
  9 rats
178 creatures vanquished.

Vanquished Creatures (collateral kills)
  A hornet (D:8)
  Sigmund (D:2)
  An ice beast (D:5)
  An ogre (D:7)
  A bullfrog zombie (D:5)
  An orc priest (D:6)
  An orc wizard (D:5)
  Robin (D:3)
  3 gnolls
  A worm (D:1)
  A dart slug (D:1)
  A hobgoblin (D:1)
  A frilled lizard (D:5)
15 creatures vanquished.

Grand Total: 193 creatures vanquished

Notes
Turn   | Place    | Note
-------+----------+-------------------------------------------
     0 | D:1      | Gorglomux the Hill Orc Wizard began the quest for the Orb.
     0 | D:1      | Reached XP level 1. HP: 14/14 MP: 3/3
    40 | D:1      | Reached skill level 1 in Fighting
   364 | D:1      | Reached XP level 2. HP: 19/24 MP: 0/5
  1256 | D:1      | Learned a level 2 spell: Call Imp
  1383 | D:1      | Reached skill level 3 in Fighting
  1495 | D:1      | Reached XP level 3. HP: 7/31 MP: 1/6
  2357 | D:2      | Noticed Sigmund
  2462 | D:2      | Killed Sigmund
  2462 | D:2      | Reached XP level 4. HP: 30/42 MP: 1/7
  2462 | D:2      | Reached XP level 5. HP: 34/48 MP: 1/8
  3213 | D:3      | Found a sacrificial altar of Ru.
  3220 | D:3      | Reached skill level 6 in Fighting
  3355 | D:3      | Reached skill level 1 in Axes
  3624 | D:3      | Found a hazy altar of Hepliaklqana.
  3698 | D:3      | Reached skill level 2 in Axes
  3698 | D:3      | Reached XP level 6. HP: 39/57 MP: 5/9
  3760 | D:3      | Noticed Robin
  3884 | D:3      | Killed Robin
  3884 | D:3      | Reached skill level 3 in Axes
  4131 | D:3      | Found a deep blue altar of Sif Muna.
  4320 | D:3      | Found a white marble altar of Elyvilon.
  4695 | D:4      | Learned a level 1 spell: Animate Skeleton
  4773 | D:4      | Reached skill level 4 in Axes
  5028 | D:4      | Found a hide-covered altar of Uskayaw.
  5299 | D:4      | Reached skill level 5 in Axes
  5329 | D:4      | Found a staircase to the Ecumenical Temple.
  5470 | D:4      | Found a blossoming altar of Fedhas.
  5522 | Temple   | Entered the Ecumenical Temple
  5740 | D:5      | Entered Level 5 of the Dungeon
  5755 | D:5      | Noticed an ice beast
  5847 | D:5      | Killed an ice beast
  5847 | D:5      | Reached XP level 7. HP: 26/63 MP: 3/10
  6055 | D:5      | Found an iron altar of Okawaru.
  6094 | D:5      | Became a worshipper of Warmaster Okawaru
  6704 | D:5      | Reached skill level 6 in Axes
  7045 | D:5      | Reached skill level 7 in Axes
  7279 | D:5      | Reached skill level 8 in Axes
  7854 | D:5      | Reached XP level 8. HP: 71/71 MP: 11/11
  7943 | D:5      | Found Cazing's Assorted Antiques.
  7948 | D:5      | Bought a warped mace for 248 gold pieces
  7948 | D:5      | Identified the +6 mace "Arcanum" {crush, *Rage +Fly rF+ rN++} (You bought it in a shop on level 5 of the Dungeon)
  8646 | D:4      | Reached skill level 9 in Axes
  8896 | D:5      | Reached * piety under Okawaru
  9173 | D:6      | Found a radiant altar of Vehumet.
  9360 | D:6      | You fall through a shaft for 2 floors!
  9715 | D:8      | Reached skill level 10 in Axes
  9974 | D:8      | Found a basalt altar of Yredelemnul.
 10131 | D:8      | Noticed a hornet
 10154 | D:8      | Paralysed by a hornet for 1 turns
 10154 | D:8      | Killed a hornet
 10163 | D:8      | Reached XP level 9. HP: 20/82 MP: 4/12
 10502 | D:7      | Reached skill level 9 in Fighting
 10762 | D:6      | Reached skill level 1 in Armour
 10765 | D:6      | Found Gaufiff's General Store.
 10806 | D:6      | Reached ** piety under Okawaru
 10875 | D:6      | Found a snail-covered altar of Cheibriados.
 10963 | D:6      | Reached skill level 11 in Axes
 11680 | D:6      | Reached skill level 3 in Armour
 12183 | D:7      | Found a burning altar of Makhleb.
 12753 | D:8      | Found a staircase to the Lair.
 12763 | D:8      | Reached skill level 1 in Shields
 12853 | D:8      | Reached XP level 10. HP: 10/93 MP: 11/13
 12854 | D:8      | HP: 3/139 [something/magic dart (7)]
 12855 | D:8      | Slain by an orc wizard

Vault maps used:
D:1:      elethiomel_arrival_maze
D:2:      minmay_diamond_boxcup, first_bread, uniq_sigmund
D:3:      old_standard_altar, lemuel_round_altar, lemuel_crystal_altar,
          nicolae_ru_sacrificial_ziggurat, uniq_robin
D:4:      lemuel_doored_altar, lemuel_round_altar,
          minmay_temple_entry_enclosed_plants, st_stairs_8
D:5:      kennysheep_mini_moat, serial_shops, kennysheep_little_box
D:6:      kennysheep_mini, serial_shops, shop, basic_altar
D:7:      overflow_temple_1_default
D:8:      old_standard_altar, nicolae_overflow_crystal_walls,
          erik_lair_orcish_takeover, serial_shops, nicolae_shop_behind_doors
Temple:   dpeg_three_leaves_temple

Skill      XL: |  1  2  3  4  5  6  7  8  9 |
---------------+----------------------------+-----
Fighting       | 1 3 5 6 8 10 | 10.2
Axes           | 2 5 8 10 11 | 11.8
Armour         | 4 |  4.7
Shields        | 2 |  2.1
Dodging        | |  1.5
Stealth        | |  1.5
Spellcasting   | |  2.4
Conjurations   | |  1.0
Summonings     | |  1.0
Translocations | |  0.7

Action                   |  1- 3 |  4- 6 |  7- 9 | 10-12 || total
-------------------------+-------+-------+-------+-------++-------
Melee: Unarmed           |   113 |       |       |       ||   113
       War axe           |       |   178 |    57 |       ||   235
       Hand axe          |       |    13 |       |       ||    13
       Mace              |       |       |   225 |     2 ||   227
 Cast: Magic Dart        |    77 |    79 |    10 |       ||   166
       Call Imp          |    10 |    10 |    27 |       ||    47
       Animate Skeleton  |       |     3 |    14 |       ||    17
Invok: Heroism           |       |       |    13 |       ||    13
Evoke: Wand              |       |       |     7 |       ||     7
  Use: Scroll            |       |     5 |    11 |       ||    16
       Potion            |       |       |     1 |       ||     1
 Stab: Sleeping          |       |     5 |       |       ||     5
       Distracted        |       |     1 |     1 |       ||     2
  Eat: Chunk             |     6 |    11 |    19 |       ||    36
       Royal jelly       |       |       |     2 |       ||     2
       Fruit             |       |       |     4 |       ||     4
Armor: Robe              |    25 |    51 |    46 |       ||   122
Dodge: Dodged            |   122 |   154 |   223 |       ||   499
Block: Buckler           |       |       |     3 |       ||     3
